[Event "IND-ch Women 2019"]
[Site "Karaikkudi"]
[Date "2019.07.24"]
[Round "8.19"]
[White "Divyabharathi Masanam"]
[Black "Meenal Gupta"]
[Result "0-1"]
[ECO "B92"]
[WhiteElo "1730"]
[BlackElo "2004"]
[Annotator "NA RC"]
[PlyCount "120"]
[EventDate "2019.07.19"]
[EventType "swiss"]
[EventCountry "IND"]
[SourceTitle "playchess.com"]
[Source "ChessBase"]
[SourceQuality "1"]
[TimeControl "40/5400+30:1800+30"]

1. e4 c5 2. Nf3 d6 3. d4 cxd4 4. Nxd4 Nf6 5. Nc3 a6 6. Be3 e5 7. Nb3 Be7 8. Be2 Be6 9. O-O O-O 10. Qd2 Nbd7 11. f4 exf4 12. Bxf4 Ne5 13. Qd4 Qc7 14. Rac1 Rfe8 15. Nd5 Bxd5 16. exd5 Nfd7 17. Qf2 Bf6 18. c3 Rac8 19. Rcd1 Re7 20. Nd4 g6 21. Bxe5 Bxe5 22. Bg4 Rce8 23. Bxd7 Qxd7 24. h3 Bg7 25. Kh1 Re4 26. Nf3 h6 27. Rfe1 Qf5 28. Rxe4 Rxe4 29. Qb6 Rf4 30. Qe3 g5 31. Qd3 Qxd3 32. Rxd3 Ra4 33. a3 f5 34. Re3 Kf7 35. Re6 g4 36. Nh4 Rf4 37. g3 Rf2 38. Nxf5 Rxf5 39. Rxd6 gxh3 40. Rd7+ Kg6 41. Rxb7 Rxd5 42. Kh2 a5 43. Kxh3 Be5 44. Rb6+ Kg5 45. Re6 a4 46. Re8 Kf5 47. Rf8+ Ke4 48. Ra8 Kf3 49. Rf8+ Ke2 50. Ra8 Rd3 51. Rxa4 Rxg3+ 52. Kh4 Rg5 53. Rg4 Kf3 54. Rxg5 Bf6 55. Kh5 hxg5 56. a4 g4 57. a5 Bd8 58. a6 Bb6 59. c4 g3 60. b4 g2 0-1

[Event "IND-ch Women 2019"]
[Site "Karaikkudi"]
[Date "2019.07.24"]
[Round "8.20"]
[White "Chinnam Vyshnavi"]
[Black "Saranya, J."]
[Result "1/2-1/2"]
[ECO "E61"]
[WhiteElo "1664"]
[BlackElo "2067"]
[Annotator "NA RC"]
[PlyCount "92"]
[EventDate "2019.07.19"]
[EventType "swiss"]
[EventCountry "IND"]
[SourceTitle "playchess.com"]
[Source "ChessBase"]
[SourceQuality "1"]
[TimeControl "40/5400+30:1800+30"]

1. d4 Nf6 2. Nf3 b6 3. Bf4 g6 4. e3 Bg7 5. Be2 O-O 6. h3 d6 7. O-O Nbd7 8. c4 Bb7 9. Nc3 Re8 10. Qc2 e5 11. dxe5 dxe5 12. Bh2 Qe7 13. Rfd1 c6 14. Rd2 h6 15. Rad1 e4 16. Nd4 Nc5 17. b4 Nd3 18. b5 c5 19. Nb3 Nb4 20. Qb2 Rad8 21. Nc1 a6 22. a3 Nd3 23. Nxd3 exd3 24. Bxd3 axb5 25. Qxb5 Ng4 26. Nd5 Bxd5 27. cxd5 Nxh2 28. Kxh2 Rxd5 29. Bc4 Rxd2 30. Rxd2 Rd8 31. Rxd8+ Qxd8 32. Qc6 Qf6 33. Qxf6 Bxf6 34. Kg3 Bb2 35. a4 Kg7 36. Kf4 f5 37. Kf3 Kf6 38. Ke2 g5 39. Kd3 Ke5 40. Bg8 Ba3 41. g4 f4 42. e4 Bb4 43. f3 Be1 44. Kc4 Ba5 45. Bf7 Kf6 46. Bg8 Ke5 1/2-1/2

[Event "IND-ch Women 2019"]
[Site "Karaikkudi"]
[Date "2019.07.24"]
[Round "8.21"]
[White "Nandhini, Saripalli"]
[Black "Nisha, N. Patkar"]
[Result "1-0"]
[ECO "A48"]
[WhiteElo "1933"]
[BlackElo "1596"]
[Annotator "NA RC"]
[PlyCount "97"]
[EventDate "2019.07.19"]
[EventType "swiss"]
[EventCountry "IND"]
[SourceTitle "playchess.com"]
[Source "ChessBase"]
[SourceQuality "1"]
[TimeControl "40/5400+30:1800+30"]

1. d4 Nf6 2. Nf3 g6 3. Bg5 Bg7 4. Nbd2 d6 5. e4 Nfd7 6. c3 O-O 7. Be2 f6 8. Qb3+ Kh8 9. Bh4 e5 10. O-O-O a5 11. dxe5 dxe5 12. Nc4 Qe7 13. Ne3 a4 14. Nd5 axb3 15. Nxe7 bxa2 16. Kc2 Nc5 17. Nxc8 Rxc8 18. Nd2 Nc6 19. Bc4 h5 20. f3 Kh7 21. Ra1 Rd8 22. Rxa2 Rxa2 23. Bxa2 Na4 24. Nc4 g5 25. Bf2 b5 26. Ne3 Nb6 27. Nf5 Bf8 28. h4 Kg6 29. g4 hxg4 30. h5+ Kh7 31. fxg4 b4 32. Ra1 bxc3 33. bxc3 Ne7 34. Ne3 Nec8 35. Nd5 Nxd5 36. Bxd5 Bd6 37. Ra8 Rh8 38. c4 Be7 39. Be6 Nd6 40. Ra7 Bd8 41. Bc5 Ne8 42. Bf5+ Kh6 43. Ra8 Nd6 44. Bxd6 cxd6 45. Ra7 Bb6 46. Rb7 Ba5 47. Kb3 Bd8 48. Ka4 d5 49. exd5 1-0

[Event "IND-ch Women 2019"]
[Site "Karaikkudi"]
[Date "2019.07.25"]
[Round "9.1"]
[White "Kulkarni Bhakti"]
[Black "Meenakshi Subbaraman"]
[Result "1-0"]
[ECO "B06"]
[WhiteElo "2388"]
[BlackElo "2163"]
[Annotator "NA"]
[PlyCount "74"]
[EventDate "2019.07.19"]
[EventType "swiss"]
[EventCountry "IND"]
[SourceTitle "playchess.com"]
[Source "ChessBase"]
[SourceQuality "1"]
[TimeControl "40/5400+30:1800+30"]

1. e4 d6 2. d4 g6 3. Nc3 Bg7 4. Be3 Nd7 5. Nf3 a6 6. Bd3 e6 7. Qd2 b5 8. a4 b4 9. Ne2 a5 10. c3 bxc3 11. bxc3 Ba6 12. O-O Ngf6 13. c4 O-O 14. h3 e5 15. d5 Ne8 $16 16. Qxa5 f5 17. Ng5 Nc5 18. Bxc5 Qxg5 19. Be3 Qh4 20. f3 Bxc4 21. Qc3 Bxd3 22. Qxd3 Nf6 23. Nc3 Nh5 24. a5 Nf4 25. Qd2 Qg3 26. Bxf4 exf4 27. exf5 Rfe8 28. Ra2 gxf5 29. a6 Reb8 30. Ne2 Qg5 31. Rc1 Qe7 32. Qxf4 Rb6 33. Qxf5 Raxa6 34. Rxa6 Qe3+ 35. Kh1 Rb8 36. Rxc7 Rb1+ 37. Qxb1 Qg5 1-0

[Event "IND-ch Women 2019"]
[Site "Karaikkudi"]
[Date "2019.07.25"]
[Round "9.2"]
[White "Priyanka, Kumari"]
[Black "Vantika Agrawal"]
[Result "1-0"]
[ECO "B06"]
[WhiteElo "1991"]
[BlackElo "2243"]
[Annotator "NA"]
[PlyCount "139"]
[EventDate "2019.07.19"]
[EventType "swiss"]
[EventCountry "IND"]
[SourceTitle "playchess.com"]
[Source "ChessBase"]
[SourceQuality "1"]
[TimeControl "40/5400+30:1800+30"]

1. e4 g6 2. d4 Bg7 3. Nc3 d6 4. Be3 a6 5. a4 Nf6 6. f3 O-O 7. Qd2 Nc6 8. h4 e5 9. d5 Nd4 10. Nce2 Nxe2 11. Nxe2 c6 12. c4 cxd5 13. cxd5 $14 Bd7 14. a5 Bb5 15. g4 Bxe2 16. Bxe2 Rc8 17. h5 Nd7 18. Bh6 Bxh6 19. Qxh6 Qe7 20. hxg6 fxg6 21. Kd2 Rc7 22. Rac1 Nc5 23. Qe3 Rfc8 24. Rc4 Ne6 25. Rxc7 Qxc7 26. dxe6 Qxa5+ 27. Kd3 Qb5+ 28. Kd2 Qa5+ 29. Kd3 d5 30. Bd1 d4 31. Qh6 Qb5+ 32. Kd2 Qxb2+ 33. Ke1 Rc7 34. Qg5 Qb4+ 35. Kf2 Qe7 36. Qxe7 Rxe7 37. Bb3 Kg7 38. Rc1 b5 39. Rc5 Kf6 40. g5+ Kxg5 41. Rxe5+ Kf4 42. Rc5 h5 43. Rc8 a5 44. Rf8+ Ke5 45. Rf7 Re8 46. Rb7 a4 47. Rxb5+ Kf4 48. Bc4 h4 49. Rb7 h3 50. Rf7+ Ke5 51. Kg3 Kd6 52. Ra7 d3 53. Bxd3 Rh8 54. Ra6+ Ke7 55. Kh2 Rc8 56. Rxa4 Kxe6 57. Kxh3 Rc3 58. Bc4+ Ke5 59. Kg3 Rc1 60. Bf7 g5 61. Ra5+ Kf6 62. Rf5+ Kg7 63. Bd5 Kg6 64. Bf7+ Kg7 65. Bh5 Kh6 66. Bg4 Kg6 67. Ra5 Rc6 68. Bf5+ Kf6 69. Kg4 Rb6 70. e5+ 1-0

[Event "IND-ch Women 2019"]
[Site "Karaikkudi"]
[Date "2019.07.25"]
[Round "9.4"]
[White "Varshini, V."]
[Black "Soumya, Swaminathan"]
[Result "1-0"]
[ECO "B08"]
[WhiteElo "2087"]
[BlackElo "2402"]
[Annotator "NA"]
[PlyCount "91"]
[EventDate "2019.07.19"]
[EventType "swiss"]
[EventCountry "IND"]
[SourceTitle "playchess.com"]
[Source "ChessBase"]
[SourceQuality "1"]
[TimeControl "40/5400+30:1800+30"]

1. e4 g6 2. d4 Bg7 3. Nf3 d6 4. Nc3 a6 5. a4 Nf6 6. Be2 O-O 7. O-O Nc6 8. h3 e5 9. Be3 exd4 10. Nxd4 Bd7 {[%emt 0:00:16] B08: Pirc Defence: Classical System} (10... Re8 11. Nxc6 bxc6 12. Bd3 c5 13. Rb1 Bb7 14. Bg5 h6 15. Bxf6 Qxf6 16. Bc4 c6 17. Qd3 a5 18. Rbd1 {1-0 (57) Malakhov,V (2702)-Nepomniachtchi,I (2728) Sochi 2015}) 11. Nb3 $146 ({Predecessor:} 11. Nxc6 Bxc6 12. Bd4 Re8 13. f3 Nh5 14. Bxg7 Kxg7 15. Qd4+ Kg8 16. Bc4 Nf4 17. Kh2 Qg5 18. g3 {½-½ (52) Visakh,N (2431)-Chigaev,M (2549) Pardubice 2016}) 11... Re8 12. Bd3 Nb4 13. Qd2 Nxd3 14. cxd3 b6 15. Bg5 Bc6 16. Rfe1 Qd7 17. Bxf6 Bxf6 18. d4 d5 19. e5 Bg7 20. Nc1 $11 f6 21. f4 a5 22. Nd3 Bb7 23. Rad1 Rad8 24. Re2 Ba6 25. Rde1 c5 26. exf6 Rxe2 27. Rxe2 Bxf6 28. Ne5 Qc8 29. Nb5 cxd4 30. Ng4 Bg7 31. Re7 Qc5 32. Qe1 d3+ 33. Kh2 d4 34. Qe6+ Kh8 35. Nh6 Qxe7 36. Qxe7 Rf8 37. Nd6 Bxh6 38. Nf7+ Rxf7 39. Qxf7 d2 40. Qe8+ Kg7 41. Qd7+ Kg8 42. Qd5+ Kf8 43. Qxd4 d1=Q 44. Qxd1 Bxf4+ 45. g3 Bc7 46. Qd7 1-0

[Event "IND-ch Women 2019"]
[Site "Karaikkudi"]
[Date "2019.07.25"]
[Round "9.5"]
[White "Gomes, Mary Ann"]
[Black "Swati Ghate"]
[Result "1-0"]
[ECO "A30"]
[WhiteElo "2303"]
[BlackElo "2192"]
[Annotator "NA"]
[PlyCount "83"]
[EventDate "2019.07.19"]
[EventType "swiss"]
[EventCountry "IND"]
[SourceTitle "playchess.com"]
[Source "ChessBase"]
[SourceQuality "1"]
[TimeControl "40/5400+30:1800+30"]

1. Nf3 Nf6 2. c4 c5 3. Nc3 g6 4. b3 Bg7 5. Bb2 b6 6. g3 Bb7 7. Bg2 O-O 8. O-O d6 9. e3 Nbd7 10. d4 a6 $14 11. Re1 Qc7 12. e4 cxd4 13. Nxd4 e6 14. Rc1 Rfd8 15. Ba3 Ne8 16. Re2 Rac8 17. Rd2 Qb8 18. Nde2 Ndf6 19. Rcc2 b5 20. cxb5 axb5 21. Bb4 Qa8 22. f3 d5 23. e5 Nd7 24. f4 Nc7 25. Nd4 Na6 26. Ba5 b4 27. Ncb5 Rxc2 28. Nxc2 Rb8 29. Nd6 Bc6 30. Nd4 Ndc5 31. Qc1 Bd7 32. Bc7 Nxc7 33. Qxc5 Na6 34. Qa5 Qa7 35. Bf1 Rb6 36. Kg2 h5 37. Bb5 Bxb5 38. N4xb5 Rxb5 39. Qxb5 h4 40. Rc2 Bf8 41. Rc8 Nc7 42. Qd7 1-0

[Event "IND-ch Women 2019"]
[Site "Karaikkudi"]
[Date "2019.07.25"]
[Round "9.6"]
[White "Pratyusha, Bodda"]
[Black "Thipsay, Bagyashree Sathe"]
[Result "1-0"]
[ECO "D31"]
[WhiteElo "2265"]
[BlackElo "2093"]
[Annotator "NA"]
[PlyCount "79"]
[EventDate "2019.07.19"]
[EventType "swiss"]
[EventCountry "IND"]
[SourceTitle "playchess.com"]
[Source "ChessBase"]
[SourceQuality "1"]
[TimeControl "40/5400+30:1800+30"]

1. d4 d5 2. c4 e6 3. Nc3 Be7 4. cxd5 exd5 5. Bf4 c6 6. Qc2 Bd6 7. Bxd6 {[%emt 0:00:21] D31: Queen's Gambit Declined: Semi-Slav without ...Nf6 (+ Marshall Gambit and Noteboom) and Exchange Variation lines without ...Nf6} Qxd6 8. e3 Ne7 9. Bd3 b6 10. Nf3 Ba6 11. a3 (11. O-O Bxd3 12. Qxd3 O-O 13. e4 Nd7 14. Rfe1 Rfe8 {0-1 (27) Nakamura,H (2780)-Topalov,V (2749) Saint Louis 2017}) 11... Bxd3 12. Qxd3 Nd7 13. O-O O-O 14. b4 $146 ({Predecessor:} 14. Ne2 a5 {1-0 (53) Trigo Urquijo,S (2389)-Maisuradze,N (2266) Leiria 2017}) 14... a5 15. b5 c5 16. dxc5 Nxc5 17. Qb1 Ne6 18. Rd1 Rac8 19. Qb2 Rc4 20. Ne2 Rfc8 21. Ned4 Nc5 22. Nd2 Rxd4 $2 (22... Ra4 $11 {and Black is okay.}) 23. Qxd4 Nf5 $2 {[%emt 0:04:25] [#]} (23... Qd7 24. Nf3 Qxb5) 24. Qg4 (24. Nc4 $142 $1 Nxd4 (24... dxc4 25. Qxd6) 25. Nxd6 Ne2+ 26. Kf1) 24... Qf6 25. Nf3 h6 $18 26. Nd4 Nd6 27. Qf3 Qg5 28. Nc6 Re8 29. Rxd5 Qg6 30. Ne5 Qe6 31. Rxd6 Qxe5 32. Rad1 Re6 33. Rxe6 Qxe6 34. Qd5 Qg4 35. Qd4 Qe2 36. a4 Ne4 37. Rf1 Qc2 38. Qxb6 Nd2 39. Qc6 Qxa4 40. Rc1 1-0

[Event "IND-ch Women 2019"]
[Site "Karaikkudi"]
[Date "2019.07.25"]
[Round "9.7"]
[White "Harshita Guddanti"]
[Black "Nandhidhaa, P V"]
[Result "0-1"]
[ECO "B43"]
[WhiteElo "2078"]
[BlackElo "2259"]
[Annotator "NA"]
[PlyCount "158"]
[EventDate "2019.07.19"]
[EventType "swiss"]
[EventCountry "IND"]
[SourceTitle "playchess.com"]
[Source "ChessBase"]
[SourceQuality "1"]
[TimeControl "40/5400+30:1800+30"]

1. e4 c5 2. Nf3 e6 3. d4 cxd4 4. Nxd4 a6 5. Nc3 Qc7 6. f4 b5 7. Bd3 Bb7 {[%emt 0:00:54] B43: Sicilian: Kan Variation: 5 Nc3} 8. Nb3 (8. Qe2 Nf6 9. e5 b4 10. Ne4 Nxe4 11. Bxe4 Bc5 12. Nb3 Bb6 13. Bxb7 Qxb7 14. Be3 O-O 15. Bxb6 Qxb6 16. O-O-O {1-0 (64) Nevednichy,V (2557)-Kovalenko,I (2656) Cappelle-la-Grande 2015}) 8... b4 $146 ({Predecessor:} 8... Nf6 9. e5 Nd5 10. Ne4 d6 11. Nxd6+ Bxd6 12. exd6 Qxd6 13. O-O Nd7 14. Qe2 O-O 15. Bd2 {1-0 (53) Calcado,A (2156)-Poeta,C (1872) Osasco 2012}) 9. Ne2 Nf6 10. Ng3 h5 11. Qf3 h4 12. Ne2 h3 13. g4 {[%emt 0:24:28] [#]} d5 $1 14. Ng3 Nbd7 15. g5 dxe4 16. Nxe4 Nxe4 17. Bxe4 Bxe4 18. Qxe4 Rc8 19. Bd2 Qxc2 20. Qxc2 Rxc2 21. Ke2 Nb6 $15 22. Rhc1 Rxc1 23. Rxc1 Kd7 24. Nc5+ Bxc5 25. Rxc5 Nd5 26. Kf3 Kd6 27. Ra5 Ra8 28. a3 b3 29. Bb4+ Kc6 30. f5 g6 31. fxg6 fxg6 32. Rc5+ Kb6 33. Rc4 a5 34. Bd2 Kb5 35. Re4 Ra6 36. a4+ Kc5 37. Kg3 Kd6 38. Rc4 Nb6 39. Rh4 Kd5 40. Bc3 e5 41. Kf3 Ra8 42. Ke2 Rc8 43. Rxh3 Nxa4 44. Rd3+ Ke6 45. Bd2 Nc5 46. Rf3 a4 47. Rf6+ Kd5 48. Bb4 Rc6 49. h4 Ne6 50. Ke3 Rc4 51. Ba3 Rxh4 52. Rxg6 Rg4 53. Rg8 Nxg5 54. Rd8+ Ke6 55. Re8+ Kf6 56. Rf8+ Nf7 57. Ra8 Rc4 58. Kd3 Rd4+ 59. Ke2 Nd8 60. Bc5 Rc4 61. Be3 Ne6 62. Kd3 Rg4 63. Bd2 Nc5+ 64. Ke2 Rc4 65. Kd1 Ne4 66. Be3 Kf5 67. Ra5 Nf6 68. Bd2 Ke4 69. Ra8 Nd5 70. Ra5 Rd4 71. Ke1 Kd3 72. Kd1 e4 73. Rc5 e3 74. Bc1 Ke4+ 75. Ke1 Nf4 76. Rc3 Nd3+ 77. Kf1 Nxc1 78. Rxc1 Kf3 79. Ke1 Rh4 0-1

[Event "IND-ch Women 2019"]
[Site "Karaikkudi"]
[Date "2019.07.25"]
[Round "9.8"]
[White "Michelle Catherina, P."]
[Black "Chitlange Sakshi"]
[Result "1-0"]
[ECO "B13"]
[WhiteElo "2226"]
[BlackElo "2168"]
[Annotator "NA"]
[PlyCount "159"]
[EventDate "2019.07.19"]
[EventType "swiss"]
[EventCountry "IND"]
[SourceTitle "playchess.com"]
[Source "ChessBase"]
[SourceQuality "1"]
[TimeControl "40/5400+30:1800+30"]

1. e4 c6 2. d4 d5 3. exd5 cxd5 4. c4 Nf6 5. Nc3 Nc6 6. Bg5 dxc4 7. Bxc4 h6 8. Be3 e6 9. Nf3 Be7 10. O-O O-O 11. a3 b6 12. Re1 Bb7 13. Ba2 Rc8 14. Qd3 Re8 15. Rad1 Bf8 16. Bc1 Ne7 17. Ne5 Ned5 18. Ne4 $11 Nxe4 19. Qxe4 Rc7 20. Bb1 Nf6 21. Qh4 Qd5 22. Qh3 b5 23. Bf4 Rce7 24. Rd3 Nh5 25. Bd2 Rc7 26. Rf3 Nf6 27. Bxh6 gxh6 28. Rxf6 Bg7 29. Ng4 Qxd4 30. Qg3 Qd2 31. Rf1 Rec8 32. Nxh6+ Kf8 33. Rxf7+ Rxf7 34. Nxf7 Kxf7 35. Qg6+ Kf8 36. Qxe6 Qd5 37. Qh3 Bxb2 38. Re1 Rc7 39. Qh6+ Rg7 40. Be4 Qe5 41. Qh8+ Kf7 42. Bg6+ Kxg6 43. Rxe5 Bxe5 44. g4 Kf7 45. Qh5+ Ke6 46. f4 Bd4+ 47. Kf1 a6 48. Qe8+ Kd6 49. g5 Bf3 50. f5 Kc5 51. Qc8+ Kb6 52. Qd8+ Kc5 53. Qc8+ Kb6 54. Qb8+ Kc5 55. Qf4 Bd5 56. f6 Bc4+ 57. Kg2 Bd5+ 58. Kf1 Bc4+ 59. Kg2 Bd5+ 60. Kg3 Rf7 61. h4 a5 62. Qb8 b4 63. Qc8+ Kb5 64. Qf5 Kc5 65. Qc8+ Kb5 66. Qf5 Kc5 67. Qc2+ Kd6 68. Qa4 Be5+ 69. Kg4 Be6+ 70. Kh5 Rh7+ 71. Kg6 Rxh4 72. Qxa5 b3 73. Qb6+ Kd7 74. Qb5+ Kd6 75. Qb8+ Kd5 76. Qxb3+ Kd6 77. Qb6+ Kd5 78. f7 Rf4 79. Qb5+ Ke4 80. f8=Q 1-0

[Event "IND-ch Women 2019"]
[Site "Karaikkudi"]
[Date "2019.07.25"]
[Round "9.9"]
[White "Vijayalakshmi, Subbaraman"]
[Black "Nandhini, Saripalli"]
[Result "1-0"]
[ECO "E05"]
[WhiteElo "2357"]
[BlackElo "1933"]
[Annotator "NA"]
[PlyCount "51"]
[EventDate "2019.07.19"]
[EventType "swiss"]
[EventCountry "IND"]
[SourceTitle "playchess.com"]
[Source "ChessBase"]
[SourceQuality "1"]
[TimeControl "40/5400+30:1800+30"]

1. Nf3 Nf6 2. g3 e6 3. Bg2 d5 4. d4 c5 5. O-O Be7 6. dxc5 O-O 7. c4 dxc4 8. Qc2 Bxc5 9. Qxc4 Qe7 10. Nc3 Nbd7 11. Rd1 a6 12. Bg5 b5 13. Qh4 h6 {[%emt 0:05:53] [#]} 14. Ne4 $1 hxg5 15. Nfxg5 Rd8 16. Nxf6+ Nxf6 $18 (16... Qxf6 $142 17. Bxa8 Bxf2+ 18. Kh1 Be3) 17. Bxa8 Bb6 18. Bf3 Bb7 19. Rxd8+ Bxd8 20. Rd1 Bb6 21. Bxb7 Qxb7 22. Qf4 Bc7 23. Rd7 e5 24. Qxe5 Bxe5 25. Rd8+ Ne8 26. Rxe8# 1-0

[Event "IND-ch Women 2019"]
[Site "Karaikkudi"]
[Date "2019.07.25"]
[Round "9.10"]
[White "Meenal Gupta"]
[Black "Srija, Seshadri"]
[Result "0-1"]
[ECO "C60"]
[WhiteElo "2004"]
[BlackElo "2306"]
[Annotator "NA"]
[PlyCount "78"]
[EventDate "2019.07.19"]
[EventType "swiss"]
[EventCountry "IND"]
[SourceTitle "playchess.com"]
[Source "ChessBase"]
[SourceQuality "1"]
[TimeControl "40/5400+30:1800+30"]

1. e4 e5 2. Nf3 Nc6 3. Bb5 g6 4. c3 Bg7 5. O-O a6 6. Ba4 Nge7 7. d4 exd4 8. cxd4 b5 {[%emt 0:00:13] C60: Ruy Lopez: Unusual Black 3rd moves and 3...g6} 9. Bb3 d6 (9... O-O 10. Nc3 d6 11. h3 Na5 12. Bc2 c5 13. dxc5 dxc5 14. Qxd8 Rxd8 {0-1 (65) Vachier Lagrave,M (2789)-Mamedyarov,S (2808) Leuven 2018}) 10. a4 b4 11. Be3 O-O 12. Qc2 $146 ({Predecessor:} 12. Nbd2 Na5 13. Bc2 Bb7 14. Qe2 Rb8 15. Bd3 Qc8 16. Rac1 {1-0 (48) Sam,G (2069)-Tomasi,A (2200) Khanty-Mansiysk 2016}) 12... Na5 13. Nbd2 Nxb3 14. Qxb3 a5 15. Rac1 c6 16. Bg5 Bd7 17. d5 (17. Qd3 $14) 17... cxd5 18. exd5 h6 19. Bxe7 Qxe7 20. Nc4 Ra6 21. Rfd1 $15 (21. Rfe1 $5 Qf6 22. Qc2 $11) 21... Rc8 22. Nd4 Rc5 23. Nb5 Bxb5 24. axb5 Rxb5 25. Qa4 Rc5 26. b3 Bc3 27. Rd3 Ra8 28. Nb6 Rd8 29. h4 Bd4 30. Rcd1 Bxf2+ 31. Kxf2 Qa7 32. Re1 Qxb6 33. Re8+ Kg7 34. Kg3 Rc3 35. Ree3 Rxd3 36. Rxd3 Qg1 37. Qxa5 Qe1+ 38. Kh3 Re8 39. Qb6 Re4 0-1

[Event "IND-ch Women 2019"]
[Site "Karaikkudi"]
[Date "2019.07.25"]
[Round "9.11"]
[White "Saranya, J."]
[Black "Mohota, Nisha"]
[Result "0-1"]
[ECO "B03"]
[WhiteElo "2067"]
[BlackElo "2221"]
[Annotator "NA"]
[PlyCount "58"]
[EventDate "2019.07.19"]
[EventType "swiss"]
[EventCountry "IND"]
[SourceTitle "playchess.com"]
[Source "ChessBase"]
[SourceQuality "1"]
[TimeControl "40/5400+30:1800+30"]

1. e4 Nf6 2. e5 Nd5 3. d4 d6 4. c4 Nb6 5. exd6 cxd6 6. Nc3 g6 7. Be3 Bg7 8. Rc1 O-O 9. b3 Bf5 10. Be2 d5 11. c5 Nc8 12. Bf3 e5 13. dxe5 Nc6 14. Qxd5 (14. g4 $11 {was the only way to keep the balance.} Be6 15. Bxd5) 14... Qa5 15. Qd2 Rd8 16. Qb2 $19 (16. Nd5 $17 {might work better.} Qxd2+ 17. Bxd2 Nxe5 18. Nc7 Nd3+ 19. Kf1) 16... N8e7 17. Be2 Nxe5 18. Nf3 Nd3+ 19. Bxd3 Bxd3 20. b4 Qa6 21. Qb3 Bc4 22. Qc2 Nf5 23. a4 Qe6 24. Ne2 Nxe3 25. fxe3 Bb3 26. Qb1 Qxe3 27. Kf1 Bd5 28. Ne1 Be4 29. Nc2 Bxg2+ 0-1

[Event "IND-ch Women 2019"]
[Site "Karaikkudi"]
[Date "2019.07.25"]
[Round "9.12"]
[White "Sharma Isha"]
[Black "Potluri Saye Srreezza"]
[Result "1-0"]
[ECO "B01"]
[WhiteElo "2188"]
[BlackElo "1999"]
[Annotator "NA"]
[PlyCount "93"]
[EventDate "2019.07.19"]
[EventType "swiss"]
[EventCountry "IND"]
[SourceTitle "playchess.com"]
[Source "ChessBase"]
[SourceQuality "1"]
[TimeControl "40/5400+30:1800+30"]

1. e4 d5 2. exd5 Qxd5 3. Nc3 Qa5 4. d4 c6 5. Nf3 Nf6 6. Bd2 Qc7 7. g3 {[%emt 0:01:38] B01: Scandinavian Defence} (7. Bc4 Bf5 8. Ne5 e6 9. g4 Be4 10. Nxe4 Nxe4 11. Bf4 Nd7 12. Qf3 Nxe5 13. Bxe5 Nd6 14. O-O-O O-O-O 15. Bb3 Rg8 16. c4 Qd7 17. Qe3 {½-½ (68) Gabrielian,A (2560)-Bocharov,I (2472) Kaliningrad 2015}) 7... Bg4 8. Bg2 e6 9. O-O Bd6 10. Ne2 Nbd7 11. c4 $146 ({Predecessor:} 11. Re1 O-O 12. h3 Bh5 13. Nf4 Bxf3 14. Qxf3 Nb6 {½-½ (23) Redondo Arguelles,L-Aparicio Garcia,E Asturias 1997}) 11... b6 12. b4 O-O 13. c5 Be7 14. Bf4 Qc8 15. Nc3 Nd5 16. Nxd5 exd5 17. h3 Bxf3 18. Bxf3 b5 19. Re1 Re8 20. a4 a6 21. axb5 axb5 22. Bg4 Rxa1 23. Qxa1 $11 Bf6 24. Bd6 Qd8 25. Rd1 Nf8 26. Qa6 h5 27. Bxh5 Qc8 28. Qa7 g6 29. Bg4 Ne6 30. Qa1 Qa8 31. Qxa8 Rxa8 32. Bxe6 fxe6 33. Be5 Kf7 34. Kg2 Ra4 35. Rb1 Bg5 36. f4 Ra2+ 37. Kf3 Ra3+ 38. Kg4 Bd8 39. Rb2 Be7 40. Bc7 Bf6 41. Be5 Be7 42. h4 Bd8 43. Rh2 Ra4 44. h5 gxh5+ 45. Rxh5 Rxb4 46. Rh7+ Ke8 47. f5 1-0

[Event "IND-ch Women 2019"]
[Site "Karaikkudi"]
[Date "2019.07.25"]
[Round "9.13"]
[White "Bakshi, Rutuja"]
[Black "Parnali, S Dharia"]
[Result "1/2-1/2"]
[ECO "E02"]
[WhiteElo "1958"]
[BlackElo "2145"]
[Annotator "ChessBase"]
[PlyCount "22"]
[EventDate "2019.07.19"]
[EventType "swiss"]
[EventCountry "IND"]
[SourceTitle "playchess.com"]
[Source "ChessBase"]
[SourceQuality "1"]
[TimeControl "40/5400+30:1800+30"]

1. Nf3 d5 2. c4 e6 3. d4 Nf6 4. g3 dxc4 5. Qa4+ Bd7 6. Qxc4 Bc6 7. Bg2 Bd5 8. Qd3 Be4 9. Qc4 Bd5 10. Qd3 Be4 11. Qc4 Bd5 1/2-1/2

[Event "IND-ch Women 2019"]
[Site "Karaikkudi"]
[Date "2019.07.25"]
[Round "9.14"]
[White "Jain Nityata"]
[Black "Sanskriti Goyal"]
[Result "1-0"]
[ECO "B09"]
[WhiteElo "2135"]
[BlackElo "1948"]
[Annotator "NA"]
[PlyCount "81"]
[EventDate "2019.07.19"]
[EventType "swiss"]
[EventCountry "IND"]
[SourceTitle "playchess.com"]
[Source "ChessBase"]
[SourceQuality "1"]
[TimeControl "40/5400+30:1800+30"]

1. e4 d6 2. d4 Nf6 3. Nc3 g6 4. f4 Bg7 5. Nf3 O-O 6. e5 Nfd7 7. Bc4 Nb6 8. Bb3 Nc6 9. a4 dxe5 10. fxe5 Bg4 11. a5 Bxf3 12. gxf3 Nc8 13. Be3 e6 14. Ne4 Qh4+ 15. Bf2 $14 Qf4 16. Qe2 h5 17. h4 Bh6 18. c3 N8e7 19. Bg3 Qe3 20. Qxe3 Bxe3 21. f4 Nf5 22. Rf1 Nce7 23. Rf3 Rfd8 24. Rd1 b6 25. axb6 axb6 26. Ke2 Bxd4 27. Rfd3 Nc6 28. cxd4 Nfxd4+ 29. Ke1 Nxb3 30. Rxb3 Rxd1+ 31. Kxd1 Rd8+ 32. Ke1 Ne7 33. Nf6+ Kf8 34. Bf2 Nd5 35. Nxd5 exd5 36. Rc3 Rd7 37. Rc6 Ke7 38. Kd2 Kd8 39. Kd3 Re7 40. Kd4 Kd7 41. Kxd5 1-0

[Event "IND-ch Women 2019"]
[Site "Karaikkudi"]
[Date "2019.07.25"]
[Round "9.15"]
[White "Kiran, Manisha Mohanty"]
[Black "Meghna, C H"]
[Result "1/2-1/2"]
[ECO "C15"]
[WhiteElo "2054"]
[BlackElo "1903"]
[Annotator "NA"]
[PlyCount "64"]
[EventDate "2019.07.19"]
[EventType "swiss"]
[EventCountry "IND"]
[SourceTitle "playchess.com"]
[Source "ChessBase"]
[SourceQuality "1"]
[TimeControl "40/5400+30:1800+30"]

1. e4 e6 2. d4 d5 3. Nc3 Bb4 4. a3 Bxc3+ 5. bxc3 dxe4 6. Qg4 $11 Nf6 7. Qxg7 Rg8 8. Qh6 Bd7 9. Bg5 Rg6 10. Qh4 Ba4 11. Ne2 Nbd7 12. Nf4 Rg8 13. Be2 Qe7 14. Nh5 Rg6 15. Nxf6+ Nxf6 16. Bh5 Rxg5 17. Qxg5 O-O-O 18. Be2 Bxc2 19. Qa5 Kb8 20. Ra2 Bd3 21. Rb2 Nd5 22. Bxd3 exd3 23. c4 Nf4 24. g3 Ne2 25. Qb4 Qxb4+ 26. axb4 Nxd4 27. Kd2 Nf3+ 28. Ke3 Ne5 29. Rc1 Ng4+ 30. Kf3 Ne5+ 31. Ke3 Ng4+ 32. Kf3 Ne5+ 1/2-1/2